 Dungeon Crawl Stone Soup version 0.31-a0-662-g684573625c (webtiles) character file.

Game seed: 3520402393327708419

1322 AdnanSaban the Covered (level 8, -7/48 HPs)
             Began as a Gargoyle Fighter on Sept 1, 2023.
             Killed from afar by Maggie (12 damage)
             ... with a bolt of fire
             ... on level 6 of the Dungeon.
             The game lasted 00:05:05 (4413 turns).

AdnanSaban the Covered (Gargoyle Fighter)           Turns: 4413, Time: 00:05:06

Health: -7/48      AC: 21    Str: 23    XL:     8   Next: 59%
Magic:  8/8        EV:  7    Int:  8    God:
Gold:   372        SH:  4    Dex:  9    Spells: 7/7 levels left

rFire   . . .        a - +0 flail
rCold   . . .        c - +0 buckler
rNeg    + . .        A - +0 plate armour
rPois   ∞            (no helmet)
rElec   +            (no cloak)
rCorr   .            z - +0 pair of gloves
SInv    .            u - +0 pair of boots
Will    .....        g - amulet of regeneration Stlth
                     (no ring)
HPRegen 1.08/turn    (no ring)
MPRegen 0.11/turn

%: no passive effects
@: no status effects
A: sickness immunity, AC +5, negative energy resistance 1, electricity
resistance, torment resistance 1, petrification resistance
a: no special abilities


You were on level 6 of the Dungeon.
You visited 1 branch of the dungeon, and saw 6 of its levels.

You collected 372 gold pieces.

Inventory:

Hand Weapons
 a - a +0 flail (weapon)
Missiles
 m - 11 boomerangs (quivered)
Armour
 c - a +0 buckler (worn)
 i - a +0 tower shield
 u - a +0 pair of boots (worn)
 z - a +0 pair of gloves (worn)
 A - a +0 plate armour (worn)
Jewellery
 g - an amulet of regeneration (around neck)
 j - a +6 ring of intelligence
 s - an amulet of reflection
Scrolls
 b - 2 scrolls of fog {unknown}
 e - 4 scrolls of identify {unknown}
 h - 2 scrolls of teleportation {unknown}
 l - a scroll of butterflies {unknown}
 n - 2 scrolls of poison {unknown}
 o - a scroll of revelation {unknown}
 p - a scroll of enchant weapon {unknown}
 r - 2 scrolls of blinking {unknown}
 y - 4 scrolls of enchant armour {unknown}
 B - a scroll of vulnerability {unknown}
Potions
 d - 2 potions of might
 f - 8 potions of curing {unknown}
 k - 4 potions of degeneration {unknown}
 q - 2 potions of mutation {unknown}
 t - a potion of attraction {unknown}
 v - a potion of cancellation {unknown}
 w - a potion of ambrosia {unknown}
 x - a potion of brilliance {unknown}
 C - a potion of resistance {unknown}


   Skills:
 + Level 4.9 Fighting
 + Level 6.8 Maces & Flails
 + Level 7.0 Armour
 + Level 2.0 Dodging
 + Level 0.8 Stealth
 + Level 4.5 Shields


You had 7 spell levels left.
You didn't know any spells.
Your spell library contained the following spells:

 Spells                   Type           Power      Damage    Failure   Level
 Gell's Gravitas          Tloc           0%         N/A       100%        3
 Teleport Other           Tloc           0%         N/A       100%        3
 Dispersal                Tloc           0%         N/A       100%        6


Dungeon Overview and Level Annotations

Branches:
Dungeon (6/15)
 Temple: D:4-7

Altars:
Trog
Uskayaw
Wu Jian
Xom
The Shining One

Shops:
D:4 =   D:6 :

Annotations:
D:6 Maggie


Innate Abilities, Weirdness & Mutations

You are immune to sickness and miasma.
Your stone body is resilient. (AC +5)
You are immune to poison.
You resist negative energy. (rN+)
You are resistant to electric shocks. (rElec)
You are resistant to unholy torment.
You are immune to petrification.


Message History

You destroy the sleepcap!
Your Armour skill increases to level 7!
No target in view!
No target in view!
No target in view!
No target in view!
No target in view!
No target in view!
Maggie the Vainglorious comes into view.
She is wielding a +0 heavy war axe.
Maggie shouts!
Maggie is nearby!
You throw a boomerang. The boomerang barely misses Maggie.
Maggie mutters to herself, "Master Lance won't take me back.
This is the way forward."
You throw a boomerang. The boomerang hits Maggie!
Maggie is lightly wounded.
You throw a boomerang. The boomerang closely misses Maggie.
Maggie hits you with a +0 heavy war axe!
You sock Maggie!
Maggie is moderately wounded.
You sock Maggie!
Maggie is moderately wounded.
Maggie hits you with a +0 heavy war axe!
You barely miss Maggie.
Maggie is moderately wounded.
Maggie points at you and mumbles some strange words.
The bolt of fire hits you!
* * * LOW HITPOINT WARNING * * *
You are too injured to fight recklessly!
You are too injured to fight recklessly!
You sock Maggie!
Maggie is heavily wounded.
Maggie smiles, but it's obviously fake.
Maggie gestures at you while chanting. The bolt of fire hits you!
* * * LOW HITPOINT WARNING * * *
You sock Maggie!
Maggie is severely wounded.
Maggie casts a spell at you. The bolt of fire hits you!
You die...

#...#
#.##.......#
#...#
#..........#
#.###
####........
#.######
#........
#......#
#######..
#......# #..
#......# #..
#......# #..
#@###### #..
#.....@..#
###
######'#.#
.....# ...
.# ......#
..... #
.......


You could see Maggie.

Vanquished Creatures
  Sigmund (D:2)
  A water moccasin (D:5)
  An ice beast (D:6)
  A centaur (D:6)
  A phantom (D:6)
  2 scorpions (D:5)
  3 hounds
  4 orc priests
  A jelly (D:5)
  2 iguanas (D:5)
  Jessica (D:2)
  3 sleepcaps
  Natasha (twice) (D:2)
  3 orc wizards
  4 gnolls (D:3)
  3 adders
  An ufetubus (D:5)
  3 worms
  4 dart slugs
  20 orcs
  6 endoplasms
  A giant cockroach (D:1)
  8 goblins
  6 hobgoblins
  4 jackals (D:1)
  9 kobolds
  2 quokkas
  2 ball pythons
  7 bats (D:1)
  A frilled lizard (D:3)
  3 rats
110 creatures vanquished.

Notes
Turn   | Place    | Note
-------+----------+-------------------------------------------
     0 | D:1      | AdnanSaban the Gargoyle Fighter began the quest for the
                  | Orb.
     0 | D:1      | Reached XP level 1. HP: 14/14 MP: 1/1
    75 | D:1      | Reached XP level 2. HP: 14/19 MP: 2/2
   121 | D:1      | Found a faded altar of an unknown god.
   358 | D:1      | Reached XP level 3. HP: 23/23 MP: 3/3
  1115 | D:2      | Noticed Jessica
  1122 | D:2      | Killed Jessica
  1123 | D:2      | Reached skill level 4 in Armour
  1123 | D:2      | Reached XP level 4. HP: 28/28 MP: 4/4
  1253 | D:2      | Noticed Sigmund
  1278 | D:2      | Killed Sigmund
  1279 | D:2      | Reached skill level 1 in Dodging
  1279 | D:2      | Reached XP level 5. HP: 30/33 MP: 5/5
  1279 | D:2      | Reached XP level 6. HP: 35/38 MP: 6/6
  1585 | D:2      | Noticed Natasha
  1590 | D:2      | Killed Natasha
  1627 | D:2      | Noticed Natasha
  1637 | D:2      | Killed Natasha
  2493 | D:4      | Reached skill level 5 in Armour
  2544 | D:4      | Reached XP level 7. HP: 43/43 MP: 7/7
  2629 | D:4      | Found a bloodstained altar of Trog.
  2710 | D:4      | Reached skill level 5 in Maces & Flails
  2851 | D:4      | Found a glowing golden altar of the Shining One.
  2892 | D:4      | Found Gabrud's Jewellery Boutique.
  3110 | D:5      | Entered Level 5 of the Dungeon
  3174 | D:5      | Identified the staff "Kuadd" {rElec rPois rF- Str+2 Int+3
                  | Air}
  3495 | D:5      | Found a large runed translucent door.
  3501 | D:5      | Found a large runed translucent door.
  3804 | D:5      | Reached skill level 6 in Armour
  3819 | D:5      | Reached XP level 8. HP: 31/48 MP: 8/8
  3873 | D:5      | Found a hide-covered altar of Uskayaw.
  3878 | D:5      | Found a shimmering altar of Xom.
  4036 | D:6      | Found Kebihouh's Self-Improvement Boutique.
  4128 | D:6      | Found an ornate altar of the Wu Jian Council.
  4397 | D:6      | Reached skill level 7 in Armour
  4404 | D:6      | Noticed Maggie
  4413 | D:6      | Killed from afar by Maggie

Illustrated notes

Levels and vault maps discovered:
D:1:      spicycebolla_arrival_risky_transporter, layout_loops_ring,
          ebering_ecumenical_altar_petrified, minivault_24
D:2:      layout_basic, uniq_natasha, uniq_jessica, uniq_sigmund
D:3:      layout_basic, serial_forest, infiniplex_forest_end_2,
          infiniplex_forest_lined_2, infiniplex_forest_clump_curved,
          infiniplex_forest_lined_room_2, infiniplex_forest_diagonal,
          infiniplex_forest_lined_2, infiniplex_forest_clump_tiny,
          infiniplex_forest_straight_1
D:4:      layout_loops_ring, mainiacjoe_overflow_six_doors_small,
          general_overflow_altar, serial_shops, shop
D:5:      layout_loops_cross, jmf_multi_god_temple2
D:6:      layout_basic, nicolae_overflow_crystal_walls, nicolae_shop_self_help,
          uniq_maggie

Skill      XL: |  1  2  3  4  5  6  7  8 |
---------------+-------------------------+-----
Armour         | 4 5 6 7 |  7.0
Maces & Flails | 3 4 6 |  6.8
Dodging        | 1 2 |  2.0
Shields        | 4 |  4.5
Fighting       | 4 |  4.9
Stealth        | |  0.8

Action                     |  1- 3 |  4- 6 |  7- 9 || total
---------------------------+-------+-------+-------++-------
  Melee: Flail             |   147 |   171 |   238 ||   556
  Throw: Boomerang         |       |       |     3 ||     3
 Armour: Scale mail        |    80 |       |       ||    80
         Chain mail        |    32 |   132 |   180 ||   344
         Plate armour      |       |       |    31 ||    31
  Dodge: Dodged            |    97 |    64 |    86 ||   247
  Block: Buckler           |    41 |    32 |    37 ||   110

Table legend: (Time is in decaauts)
 A = Elapsed time spent in this place.
 B = Non-inter-level travel time spent in this place.
 C = Inter-level travel time spent in this place.
 D = Time resting spent in this place.
 E = Time spent auto-exploring this place.
 F = Levels seen in this place.
 G = Mean time per level.
                   A        B        C        D        E       F      G
               +--------+--------+--------+--------+--------+-----+--------+
         Total |   4532 |   4232 |    300 |      0 |   3143 |   6 |  755.3 |
       Dungeon |   4532 |   4232 |    300 |      0 |   3143 |   6 |  755.3 |
               +--------+--------+--------+--------+--------+-----+--------+

Top non-repeatable levels by time:
     D:2: 931 daAuts
     D:5: 834 daAuts
     D:3: 803 daAuts
     D:1: 786 daAuts
     D:4: 682 daAuts
     D:6: 495 daAuts
